 Dungeon Crawl Stone Soup version 0.30-a0-618-gd6c86c23d0 (webtiles) character file.

Game seed: 13583078552915064796

87 Leeroy the Sneak (level 4, -3/24 HPs)
             Began as a Kobold Enchanter on Jan 9, 2023.
             Slain by Ijyb
             ... wielding a +0 club
              (4 damage)
             ... on level 4 of the Dungeon.
             The game lasted 00:02:19 (2232 turns).

Leeroy the Sneak (Kobold Enchanter)                 Turns: 2232, Time: 00:02:20

Health: -3/24      AC:  2    Str:  5    XL:     4   Next: 80%
Magic:  3/7        EV: 15    Int: 16    God:
Gold:   144        SH:  0    Dex: 17    Spells: 2/7 levels left

rFire   . . .      SeeInvis .    a - +1 dagger
rCold   . . .      Faith    .    (no shield)
rNeg    . . .      Spirit   .    b - +0 robe
rPois   .          Reflect  .    (no helmet)
rElec   .          Harm     .    (no cloak)
rCorr   .          Rampage  .    (no gloves)
Will    .....                    (no boots)
Stlth   +++++                    (no amulet)
HPRegen 0.24/turn                (no ring)
MPRegen 0.10/turn                (no ring)

@: very slightly contaminated, hasted, very quick
A: small, no large weapons, nightstalker 3
a: no special abilities


You were on level 4 of the Dungeon.
You visited 1 branch of the dungeon, and saw 4 of its levels.

You collected 144 gold pieces.

Inventory:

Hand Weapons
 a - a +1 dagger (weapon)
Missiles
 n - 5 atropa-tipped darts (quivered)
 p - 7 poisoned darts
 t - 2 throwing nets
Armour
 b - a +0 robe (worn)
Jewellery
 r - a ring of protection from cold
Scrolls
 d - a scroll of magic mapping {unknown}
 e - a scroll of poison {unknown}
 f - 3 scrolls of immolation {unknown}
 h - a scroll of summoning {unknown}
 j - a scroll of fear {unknown}
 k - 8 scrolls of identify {unknown}
 m - 3 scrolls of fog {unknown}
 o - a scroll of teleportation {unknown}
 q - 2 scrolls of brand weapon {unknown}
Potions
 c - 3 potions of invisibility
 i - a potion of magic {unknown}
 l - a potion of heal wounds {unknown}
 s - a potion of berserk rage {unknown}
 u - a potion of curing {unknown}


   Skills:
 - Level 1.3 Short Blades
 - Level 2.4 Dodging
 + Level 7.3 Stealth
 - Level 2.1 Spellcasting
 - Level 3.0 Hexes


You had 2 spell levels left.
You knew the following spells:

 Your Spells              Type           Power      Damage    Failure   Level
a - Ensorcelled Hibernat  Hex/Ice        12%        N/A       17%         2
b - Confusing Touch       Hex            11%        N/A       19%         3

Your spell library contained the following spells:

 Spells                   Type           Power      Damage    Failure   Level
 Slow                     Hex            44%        N/A       6%          1
 Sandblast                Erth           2%         2d4       21%         1
 Passwall                 Tmut/Erth      0%         N/A       30%         2
 Tukima's Dance           Hex            11%        N/A       19%         3
 Dazzling Flash           Conj/Hex       12%        N/A       32%         3
 Stone Arrow              Conj/Erth      2%         3d7       52%         3
 Vampiric Draining        Necr           1%         2d6       52%         3
 Iskenderun's Mystic Bla  Conj/Tloc      1%         2d3       90%         4
 Starburst                Conj/Fire      0%         6d3       100%        6


Dungeon Overview and Level Annotations

Branches:
Dungeon (4/15)
 Temple: D:4-7

Altars:
Ru
Vehumet
Yredelemnul

Annotations:
D:3 Robin
D:4 Ijyb


Innate Abilities, Weirdness & Mutations

You are small and have problems with some larger weapons.
You are completely attuned to the shadows.


Message History

Ijyb the Twisted Goblin comes into view.
She is wielding a +0 club and carrying a wand of digging (4).
Ijyb shouts!
The goblin unwields a +0 dagger.
The goblin wields a +0 sling.
The goblin shoots a sling bullet.
The sling bullet hits you.
The goblin shouts!
You hit Ijyb but do no damage. Ijyb barely misses you.
The goblin unwields a +0 sling.
The goblin wields a +0 dagger.
The goblin hits you with a +0 dagger.
You barely miss Ijyb. Ijyb misses you. The goblin misses you.
The goblin closely misses you.
You hit Ijyb but do no damage. Ijyb closely misses you.
The goblin hits you with a +0 dagger. The goblin barely misses you.
You hit Ijyb but do no damage. Ijyb closely misses you.
The goblin hits you with a +0 dagger. x2
You are too injured to fight recklessly!
You are too injured to fight recklessly!
You are too injured to fight recklessly!
You are too injured to fight recklessly!
Cast which spell? (? or * to list)
Aiming: Ensorcelled Hibernation (safe; 17% risk of failure)
Press: ? - help, Shift-Dir - straight line, f - Ijyb
Aim: Ijyb, wielding a +0 club, wearing a +0 ring mail and carrying a wand of digging (4) (chance to affect: 49%)
You miscast Ensorcelled Hibernation.
You are very lightly contaminated with residual magic.
Nothing appears to happen.
Ijyb barely misses you. The goblin misses you.
The goblin hits you with a +0 dagger.
Casting: Ensorcelled Hibernation (safe; 17% risk of failure)
Confirm with . or Enter, or press ? or * to list all spells.
Aiming: Ensorcelled Hibernation (safe; 17% risk of failure)
Press: ? - help, Shift-Dir - straight line, f/p - Ijyb
Aim: Ijyb, wielding a +0 club, wearing a +0 ring mail and carrying a wand of digging (4) (chance to affect: 49%) Ijyb resists with some effort.
Ijyb hits you with a +0 club.
* * * LOW HITPOINT WARNING * * *
The goblin hits you with a +0 dagger.
* * * LOW HITPOINT WARNING * * *
The goblin hits you with a +0 dagger.
* * * LOW HITPOINT WARNING * * *
It was a potion of haste.
You feel yourself speed up. Ijyb hits you with a +0 club.
You die...

#.g.......≈≈≈#
#..........≈≈#
##+## ≈.. #...#
≈≈..
#...#..#########≈≈.
#gg.#.........)#≈≈.
#g@.#......†...'...
#...#.....))...'...
#...#..........'...
#...#...)......#≈≈#
#''##..#########≈≈#
#......# ≈≈≈##
#......+ ≈≈≈#
#......# ########


You could see Ijyb and 2 goblins.

Vanquished Creatures
  2 adders
  A worm (D:2)
  2 dart slugs
  An orc (D:4)
  5 endoplasms
  2 giant cockroaches
  11 goblins
  2 hobgoblins
  2 jackals (D:4)
  6 kobolds
  4 quokkas
  10 ball pythons
  2 bats (D:1)
  5 frilled lizards
  3 rats
58 creatures vanquished.

Notes
Turn   | Place    | Note
-------+----------+-------------------------------------------
     0 | D:1      | Leeroy the Kobold Enchanter began the quest for the Orb.
     0 | D:1      | Reached XP level 1. HP: 10/10 MP: 3/3
   106 | D:1      | Reached XP level 2. HP: 15/15 MP: 5/5
   248 | D:1      | Reached skill level 5 in Stealth
   583 | D:1      | Reached XP level 3. HP: 19/19 MP: 6/6
   915 | D:2      | Reached skill level 6 in Stealth
  1261 | D:2      | Identified the +6 dagger "Kum Tok" {vamp, rElec Dex+3}
  1359 | D:2      | Reached XP level 4. HP: 11/24 MP: 7/7
  1726 | D:3      | Noticed Robin
  1740 | D:4      | Learned a level 2 spell: Ensorcelled Hibernation
  1744 | D:4      | Learned a level 3 spell: Confusing Touch
  1876 | D:4      | Found a radiant altar of Vehumet.
  1913 | D:4      | Reached skill level 7 in Stealth
  1947 | D:3      | Found a sacrificial altar of Ru.
  2034 | D:4      | Found a basalt altar of Yredelemnul.
  2224 | D:4      | Noticed Ijyb
  2231 | D:4      | HP: 1/24 [goblin/+0 dagger (1)]
  2232 | D:4      | Slain by Ijyb

Illustrated notes

Levels and vault maps discovered:
D:1:      ncdulo_halloftheorcs, layout_basic
D:2:      layout_rooms, serial_bayou_crossing
D:3:      layout_basic, mainiacjoe_overflow_concentric_impassable,
          mainiacjoe_overflow_large_starburst, zin_purify,
          nicolae_overflow_ecumenical_swirl, uniq_robin, uniq_grinder
D:4:      kennysheep_goblin_castle, layout_basic, vehumet_crystals,
          marbit_many_paths, mainiacjoe_overflow_big_doors

Skill      XL: |  1  2  3  4 |
---------------+-------------+-----
Stealth        | 5 6 7 |  7.3
Short Blades   | |  1.3
Dodging        | |  2.4
Spellcasting   | |  2.1
Hexes          | |  3.0

Action                   |  1- 3 |  4- 6 || total
-------------------------+-------+-------++-------
Melee: Dagger            |   111 |    56 ||   167
       Punch             |     1 |       ||     1
Throw: Dart              |       |     2 ||     2
 Cast: Ensorcelled Hiber |       |     1 ||     1
  Use: Potion            |       |     1 ||     1
 Stab: Sleeping          |    17 |     7 ||    24
       Distracted        |     1 |       ||     1
Armor: Robe              |     6 |     9 ||    15
Dodge: Dodged            |    59 |    42 ||   101

Table legend: (Time is in decaauts)
 A = Elapsed time spent in this place.
 B = Non-inter-level travel time spent in this place.
 C = Inter-level travel time spent in this place.
 D = Time resting spent in this place.
 E = Time spent auto-exploring this place.
 F = Levels seen in this place.
 G = Mean time per level.
                   A        B        C        D        E       F      G
               +--------+--------+--------+--------+--------+-----+--------+
         Total |   2225 |   2041 |    184 |      0 |   1633 |   4 |  556.2 |
       Dungeon |   2225 |   2041 |    184 |      0 |   1633 |   4 |  556.2 |
               +--------+--------+--------+--------+--------+-----+--------+

Top non-repeatable levels by time:
     D:2: 852 daAuts
     D:1: 821 daAuts
     D:4: 455 daAuts
     D:3: 95 daAuts
